 Dungeon Crawl Stone Soup version 0.25-a0-356-g7c9d860b3b (webtiles) character file.

Game seed: 16715098235034997610, levelgen mode: deterministic

10857 kipponium the Cleaver (level 11, -1/139 HPs)
             Began as a Naga Warper on Jan 4, 2020.
             Was an Elder of Cheibriados.
             Slain by a four-headed hydra (6 damage)
             ... on level 1 of the Lair of Beasts.
             The game lasted 01:11:05 (15413 turns).

kipponium the Cleaver (Naga Warper)                Turns: 15413, Time: 01:11:08

Health: -1/139     AC: 13    Str: 29    XL:     11   Next: 68%
Magic:  0/15       EV: 10    Int: 23    God:    Cheibriados [****..]
Gold:   642        SH:  0    Dex: 25    Spells: 4/14 levels left

rFire    . . .     SeeInvis +   b - +1 falchion (flame)
rCold    + . .     Gourm    .   (no shield)
rNeg     . . .     Faith    .   I - +1 robe {rC+}
rPois    +         Spirit   +   D - +2 helmet
rElec    .         Reflect  .   v - scarf {Spirit}
rCorr    .         Harm     .   E - +0 pair of gloves
MR       +....                  (no barding)
Stlth    ..........             q - amulet of the acrobat
HPRegen  0.33/turn              i - ring of stealth
MPRegen  0.14/turn              t - +2 ring of protection

@: berserking, very slightly contaminated, very slow
A: large, slimy green scales 1, see invisible, agile 2, deformed body, high mp
1, poison resistance, slowness 2, slow metabolism 1, spit poison 1, evolution 1,
AC +3
a: Spit Poison, Bend Time, Temporal Distortion, Slouch, Renounce Religion


You were on level 1 of the Lair of Beasts.
You worshipped Cheibriados.
Cheibriados was greatly pleased with you.
You were very hungry.

You visited 3 branches of the dungeon, and saw 13 of its levels.

You collected 678 gold pieces.
You spent 36 gold pieces at shops.

Inventory:

Hand Weapons
 b - a +1 falchion of flaming (weapon)
 c - a +1 war axe
 j - a +1 vampiric battleaxe
Missiles
 a - 60 poisoned darts (quivered)
 p - 72 sling bullets
Armour
 v - a scarf of spirit shield (worn)
 D - a +2 helmet (worn)
 E - a +0 pair of gloves (worn)
 I - a +1 robe of cold resistance (worn)
Jewellery
 i - a ring of stealth (left hand)
 l - an uncursed ring of fire
 q - an amulet of the acrobat (around neck)
 s - an uncursed amulet of guardian spirit
 t - a +2 ring of protection (right hand)
 y - an uncursed ring of magical power
 J - an uncursed ring of wizardry
 L - an uncursed ring of protection from magic {unknown}
Wands
 u - a wand of flame (6)
Scrolls
 e - 2 scrolls of magic mapping
 h - a scroll of fog
 k - 4 scrolls of remove curse
 m - a scroll of enchant armour
 o - 2 scrolls of amnesia
 r - a scroll of identify
 x - 2 scrolls of teleportation
Potions
 g - a potion of curing
 B - a potion of berserk rage
 H - a potion of flight
Comestibles
 f - 29 rations


   Skills:
 + Level 4.6 Fighting
 - Level 0.1 Long Blades
 + Level 14.8 Axes
 - Level 0.8 Throwing
 - Level 0.7 Armour
 - Level 1.5 Dodging
 * Level 9.3 Stealth
 - Level 2.1 Spellcasting
 + Level 0.7 Charms
 * Level 6.6 Translocations


You had 4 spell levels left.
You knew the following spells:

 Your Spells              Type           Power        Failure   Level  Hunger
a - Blink                 Tloc           N/A          1%          2    ##.....
b - Lesser Beckoning      Tloc           ####......   2%          3    ###....
c - Teleport Other        Tloc           ####....     2%          3    ###....
d - Shroud of Golubria    Chrm/Tloc      ###...       4%          2    ##.....

Your spell library contained the following spells:

 Spells                   Type           Power        Failure   Level  Hunger
 Gell's Gravitas          Tloc           ####......   2%          3    ###....
 Passage of Golubria      Tloc           N/A          9%          4    #####..
 Animate Skeleton         Necr           N/A          13%         1    #......
 Freeze                   Ice            #...         13%         1    #......
 Pain                     Necr           #...         13%         1    #......
 Ozocubu's Armour         Chrm/Ice       #.......     32%         3    ###....
 Regeneration             Chrm/Necr      #.........   32%         3    ###....
 Vampiric Draining        Necr           #.........   36%         3    ###....
 Animate Dead             Necr           N/A          77%         4    #####..
 Hailstorm                Conj/Ice       #.......     77%         4    #####..
 Summon Ice Beast         Ice/Summ       #.......     77%         4    #####..


Dungeon Overview and Level Annotations

Branches:
Dungeon (11/15)            Temple (1/1) D:7            Lair (1/6) D:9
    Orc: D:9-12

Altars:
Ashenzari
Cheibriados
Dithmenos
Elyvilon
Fedhas
Gozag
Hepliaklqana
Kikubaaqudgha
Makhleb
Nemelex Xobeh
Okawaru
Qazlal
Ru
Sif Muna
Trog
Uskayaw
Vehumet
Wu Jian
Xom
Yredelemnul
Zin
The Shining One

Shops:
D:7 *   D:10 *

Annotations:
D:10 2 transporters, Guilu's ghost, novice DsAK


Innate Abilities, Weirdness & Mutations

You cannot wear boots.
Your serpentine skin is tough. (AC +3)
You have supernaturally acute eyesight. (SInv)
Armour fits poorly on your strangely shaped body.
Your system is resistant to poisons. (rPois)
You cover ground very slowly.
You have a slow metabolism.
You can spit poison.
You are partially covered in slimy green scales. (AC +2)
You are very agile. (Dex +4)
You have an increased reservoir of magic. (+10% MP)
You evolve.


Message History

You barely miss the four-headed hydra. The four-headed hydra bites you!
* * * LOW HITPOINT WARNING * * *
The four-headed hydra bites you.
* * * LOW HITPOINT WARNING * * *
The four-headed hydra barely misses you.
The four-headed hydra bites you but does no damage. x3
The four-headed hydra bites you!
* * * LOW HITPOINT WARNING * * *
The four-headed hydra bites you.
* * * LOW HITPOINT WARNING * * *
Okay, then.
Okay, then.
It was a potion of berserk rage.
A red film seems to cover your vision as you go berserk!
Cheibriados protects you from inadvertent hurry.
You feel mighty! The four-headed hydra bites you.
* * * LOW HITPOINT WARNING * * *
The four-headed hydra barely misses you.
The four-headed hydra bites you!
You die...

##...............#
##.>...#......##..###
#..............##....
##........#.#.....###
##...#..##.#####.##
##......).## #..# #..#...##..#
#.## ##.#.#.##.#####..##
#@.##..#..........
###D.####........### ###
##....###.#######.... ##.##
#........## #.##.
###.#.####.#..##..## ##.###
##..#.#....###.##.#.#### #..#
#....#........##.###..P# ##.#
##.##...........##.#.#..# #.#
##..##...#.D.#...#.#.##.#####.#


You could see a four-headed hydra.

Vanquished Creatures
  A hydra (D:10)
  A two-headed ogre (D:9)
  An unseen horror (D:10)
  A black mamba (Lair:1)
  3 spiny frogs (Lair:1)
  A hornet (D:10)
  2 dream sheep (D:10)
  2 hippogriffs
  Sigmund (D:5)
  7 yaks
  A wyvern (D:9)
  Grum (Lair:1)
  A hungry ghost (D:10)
  3 wargs (D:9)
  2 water moccasins (Lair:1)
  2 porcupines (Lair:1)
  2 orc warriors
  2 ice beasts
  3 sky beasts
  4 wolves (Lair:1)
  4 centaurs
  6 ogres
  3 crocodiles
  4 big kobolds
  10 bullfrogs
  A wyvern skeleton (D:8)
  4 wights
  A howler monkey (D:7)
  8 crimson imps
  2 bullfrog zombies
  3 orc priests
  4 hounds
  4 jellies
  11 orc wizards
  An iguana (D:8)
  7 worker ants
  3 hound zombies
  2 hound skeletons
  A worker ant zombie (D:7)
  A gnoll (D:2)
  6 adders
  7 shadow imps
  4 adder zombies
  An adder skeleton (D:7)
  3 worms (D:3)
  A dart slug (D:5)
  5 leopard geckos
  36 orcs
  5 giant cockroaches
  9 goblins
  7 hobgoblins
  9 jackals
  8 kobolds
  2 quokkas (D:7)
  A ball python (D:2)
  A ball python skeleton (D:4)
  4 bats
  7 frilled lizards
  A leopard gecko skeleton (D:8)
  A quokka skeleton (D:7)
  6 rats
245 creatures vanquished.

Vanquished Creatures (others)
  A human (D:6)
  10 fungi (Lair:1)
  4 plants (Lair:1)
15 creatures vanquished.

Grand Total: 260 creatures vanquished

Notes
Turn   | Place    | Note
-------+----------+-------------------------------------------
     0 | D:1      | kipponium the Naga Warper began the quest for the Orb.
     0 | D:1      | Reached XP level 1. HP: 19/19 MP: 3/3
   258 | D:1      | Reached XP level 2. HP: 21/26 MP: 5/5
   262 | D:1      | Learned a level 2 spell: Blink
  1686 | D:2      | Reached XP level 3. HP: 32/32 MP: 6/6
  1691 | D:2      | Reached skill level 3 in Axes
  2327 | D:2      | Found an ornate altar of the Wu Jian Council.
  2695 | D:3      | Found a shimmering blue altar of Sif Muna.
  2918 | D:3      | Found a hazy altar of Hepliaklqana.
  2918 | D:3      | Found a white marble altar of Elyvilon.
  2918 | D:3      | Found a stormy altar of Qazlal.
  3044 | D:3      | Found a sacrificial altar of Ru.
  3113 | D:3      | Reached XP level 4. HP: 25/39 MP: 7/7
  3398 | D:3      | Reached skill level 4 in Axes
  3767 | D:4      | Reached XP level 5. HP: 19/45 MP: 8/8
  3830 | D:4      | Noticed an ogre
  4012 | D:4      | Killed an ogre
  4012 | D:4      | Reached skill level 5 in Axes
  4026 | D:4      | Reached XP level 6. HP: 52/52 MP: 9/9
  4033 | D:4      | Reached skill level 6 in Axes
  4214 | D:4      | Found an iron altar of Okawaru.
  4331 | D:4      | Found a sparkling altar of Nemelex Xobeh.
  4587 | D:5      | Entered Level 5 of the Dungeon
  4870 | D:5      | Reached skill level 7 in Axes
  4916 | D:5      | Gained mutation: You are agile. (Dex +2) [potion of
                  | mutation]
  4916 | D:5      | Gained mutation: You evolve. [potion of mutation]
  4922 | D:5      | Reached XP level 7. HP: 32/60 MP: 10/10
  5125 | D:5      | Noticed Sigmund
  5389 | D:5      | Reached skill level 8 in Axes
  5458 | D:5      | Killed Sigmund
  5645 | D:5      | Gained mutation: You are very agile. (Dex +4) [evolution]
  5667 | D:6      | Found an ancient bone altar of Kikubaaqudgha.
  5923 | D:6      | Noticed a human
  5923 | D:6      | Killed a human
  5940 | D:6      | Reached XP level 8. HP: 67/67 MP: 11/11
  6120 | D:6      | Reached skill level 9 in Axes
  6371 | D:6      | Found a bloodstained altar of Trog.
  6371 | D:6      | Found a shattered altar of Ashenzari.
  6662 | D:6      | Gained mutation: You have an increased reservoir of magic.
                  | (+10% MP) [evolution]
  6794 | D:6      | Reached skill level 10 in Axes
  7291 | D:7      | Found Suoro's Assorted Antiques.
  7754 | D:7      | Reached skill level 11 in Axes
  7866 | D:7      | Reached XP level 9. HP: 63/73 MP: 13/13
  8674 | D:7      | Found a staircase to the Ecumenical Temple.
  8680 | Temple   | Entered the Ecumenical Temple
  8710 | Temple   | Became a worshipper of Cheibriados the Contemplative
  9071 | D:8      | Reached skill level 12 in Axes
  9500 | D:8      | Found a shadowy altar of Dithmenos.
  9664 | D:9      | Noticed a two-headed ogre
  9678 | D:9      | Killed a two-headed ogre
  9678 | D:9      | Reached skill level 13 in Axes
  9678 | D:9      | Reached XP level 10. HP: 47/80 MP: 7/14
  9831 | D:9      | Reached * piety under Cheibriados
 10411 | D:9      | Reached skill level 14 in Axes
 10411 | D:9      | Reached skill level 1 in Stealth
 10593 | D:9      | Reached ** piety under Cheibriados
 10598 | D:9      | Learned a level 3 spell: Lesser Beckoning
 10602 | D:9      | Learned a level 3 spell: Teleport Other
 10856 | D:9      | Found a burning altar of Makhleb.
 10858 | D:9      | Found a radiant altar of Vehumet.
 10969 | D:9      | Found a staircase to the Lair.
 11019 | D:9      | Reached skill level 5 in Stealth
 11465 | D:10     | Entered Level 10 of the Dungeon
 11484 | D:10     | Reached skill level 5 in Translocations
 11503 | D:10     | Found Fovaurphefi's General Store.
 11522 | D:10     | Bought a scroll of teleportation for 36 gold pieces
 11572 | D:10     | Found a white marble altar of Elyvilon.
 11590 | D:10     | Noticed Guilu's ghost (novice DsAK)
 11615 | D:10     | Found a transporter.
 11630 | D:10     | Found a transporter.
 11962 | D:10     | Noticed an unseen horror
 11968 | D:10     | Killed an unseen horror
 12119 | D:10     | Reached XP level 11. HP: 85/88 MP: 15/15
 12189 | D:10     | Noticed a two-headed hydra
 12196 | D:10     | Killed a one-headed hydra
 12209 | D:10     | Reached *** piety under Cheibriados
 12986 | Lair:1   | Entered Level 1 of the Lair of Beasts
 13314 | Lair:1   | Learned a level 2 spell: Shroud of Golubria
 13504 | Lair:1   | Gained mutation: You are partially covered in slimy green
                  | scales. (AC +2) [evolution]
 14305 | Lair:1   | Noticed Grum
 14467 | Lair:1   | Noticed a seven-headed hydra
 14814 | Lair:1   | Killed Grum
 14859 | Lair:1   | Reached **** piety under Cheibriados
 15413 | Lair:1   | HP: 5/139 [four-headed hydra (3)]
 15413 | Lair:1   | Slain by a four-headed hydra

Levels and vault maps discovered:
D:1:      ncdulo_lavacross, layout_loops_cross, serial_forest,
          infiniplex_forest_lined_4_way, infiniplex_forest_zigzag_2,
          infiniplex_forest_straight_4, infiniplex_forest_clump_medium,
          infiniplex_forest_clump_double, kennysheep_pointless_box,
          serial_bayou_lagoon_a
D:2:      layout_basic, overflow_temple_1_default, cheibrodos_gnoll_hut
D:3:      layout_rooms, nicolae_overflow_hidden_temple,
          gammafunk_temple_overflow_claw, first_ration,
          minmay_misc_feat_more_columns, lemuel_tele_altar
D:4:      layout_loops_cross, lemuel_coloured_pillars_altar, lemuel_round_altar
D:5:      layout_gridville, uniq_sigmund
D:6:      layout_basic, grunt_temple_overflow_open, tgw_kikubaaqudgha
D:7:      layout_loops_ring, minmay_temple_entry_enclosed_plants, serial_shops,
          shop
D:8:      layout_cave_pools, nicolae_overflow_crystal_walls
D:9:      layout_loops_ring, grunt_temple_overflow_lords_of_destruction,
          erik_lair_orcish_takeover
D:10:     layout_loops_ring, gammafunk_ghost_stat_death, basic_altar,
          serial_shops, nicolae_shop_competitors_out_of_business,
          hangedman_ranch [blue_anna_fruit_fields]
D:11:     layout_small_grid
Temple:   eino_wide_crystal_templ
Lair:1:   layout_loops_ring, uniq_grum

Skill      XL: |  1  2  3  4  5  6  7  8  9 10 11 |
---------------+----------------------------------+-----
Axes           | 3 4 5 7 8 11 13 14 | 14.8
Stealth        | 6 9 |  9.3
Translocations | 5 6 |  6.6
Fighting       | 4 |  4.6
Long Blades    | |  0.1
Throwing       | |  0.8
Armour         | |  0.7
Dodging        | |  1.5
Spellcasting   | |  2.1
Charms         | |  0.7

Action                   |  1- 3 |  4- 6 |  7- 9 | 10-12 || total
-------------------------+-------+-------+-------+-------++-------
Melee: Hand axe          |   125 |   103 |   514 |   202 ||   944
       War axe           |       |       |       |   226 ||   226
       Battleaxe         |       |       |       |    21 ||    21
       Falchion          |       |       |       |     9 ||     9
 Fire: Hunting sling     |       |     3 |       |       ||     3
Throw: Boomerang         |     4 |     1 |       |       ||     5
       Dart              |       |       |       |    10 ||    10
 Cast: Shroud of Golubri |       |       |       |    12 ||    12
       Teleport Other    |       |       |       |    10 ||    10
Invok: Bend Time         |       |       |       |     2 ||     2
 Abil: Spit Poison       |    22 |    30 |    59 |    78 ||   189
Evoke: Wand              |       |       |     1 |    10 ||    11
  Use: Scroll            |       |     3 |     2 |    19 ||    24
       Potion            |       |     9 |     1 |     6 ||    16
 Stab: Distracted        |       |       |     1 |       ||     1
       Paralysed         |       |       |     5 |     4 ||     9
       Sleeping          |       |       |     2 |     6 ||     8
  Eat: Chunk             |     6 |     7 |    15 |    11 ||    39
       Ration            |       |       |       |     3 ||     3
Armor: Leather armour    |    21 |    16 |       |       ||    37
       Ring mail         |       |    11 |   142 |    66 ||   219
       Skin              |       |       |       |    11 ||    11
       Robe              |       |       |       |    76 ||    76
Dodge: Dodged            |    59 |    48 |   176 |   221 ||   504
       Rpst.: Falchion   |       |       |       |     1 ||     1

Table legend:
 A = Non-vault XP
 B = Vault XP
 C = Vault XP percentage of total XP
 D = Non-vault monster count
 E = Vault monster count
 F = Vault count percentage of total count
                 A         B        C        D         E       F
            +---------+---------+-------+---------+---------+-------
      Total |   11742 |    3768 |  24.3 |     219 |      26 |  10.6
            +---------+---------+-------+---------+---------+-------
        D:1 |      30 |       0 |   0.0 |      18 |       0 |   0.0
        D:2 |      24 |      19 |  44.2 |      16 |       3 |  15.8
        D:3 |      48 |       0 |   0.0 |      16 |       0 |   0.0
        D:4 |     396 |       0 |   0.0 |      17 |       0 |   0.0
        D:5 |     452 |     223 |  33.0 |      22 |       1 |   4.3
        D:6 |     677 |       0 |   0.0 |      21 |       0 |   0.0
        D:7 |     906 |       0 |   0.0 |      36 |       0 |   0.0
        D:8 |     996 |       0 |   0.0 |      13 |       0 |   0.0
        D:9 |    3279 |     656 |  16.7 |      22 |       9 |  29.0
       D:10 |    1449 |    2214 |  60.4 |      11 |       8 |  42.1
       D:11 |     573 |       0 |   0.0 |      12 |       0 |   0.0
     Lair:1 |    2912 |     656 |  18.4 |      15 |       5 |  25.0
            +---------+---------+-------+---------+---------+-------
